 Dungeon Crawl Stone Soup version 0.25-a0-285-gcba6f664f8 (webtiles) character file.

Game seed: 10857509313566376164, levelgen mode: deterministic

11821 kazzah the Nimble (level 11, -5/93 HPs)
             Began as a Pale Draconian Conjurer on Dec 12, 2019.
             Was a High Priest of Okawaru.
             Slain by a ten-headed hydra (8 damage)
             ... on level 12 of the Dungeon.
             The game lasted 00:42:53 (14470 turns).

kazzah the Nimble (Pale Draconian Conjurer)        Turns: 14470, Time: 00:42:55

Health: -5/93      AC:  9    Str: 10    XL:     11   Next: 54%
Magic:  1/20       EV: 31    Int: 15    God:    Okawaru [*****.]
Gold:   593        SH:  4    Dex: 14    Spells: 12/23 levels left

rFire    . . .     SeeInvis .   C - +5 glaive (venom)
rCold    + + .     Gourm    .   (shield currently unavailable)
rNeg     . . .     Faith    .   (armour unavailable)
rPois    .         Spirit   .   (helmet restricted)
rElec    .         Reflect  +   H - +0 cloak
rCorr    .         Harm     .   (no gloves)
MR       .....                  K - +0 pair of boots
Stlth    ++++......             J - +4 amulet of reflection
HPRegen  0.25/turn              p - +6 ring of evasion
MPRegen  0.17/turn              c - +4 ring of evasion

@: heroism, studying Summonings
A: breathe steam, unfitting armour, blink, cold resistance 2, dopey 1,
cold-blooded, AC +7
a: Breathe Steam, Blink, Heroism, Finesse, Renounce Religion


You were on level 12 of the Dungeon.
You worshipped Okawaru.
Okawaru was extremely pleased with you.
You were not hungry.

You visited 2 branches of the dungeon, and saw 13 of its levels.

You collected 593 gold pieces.

Inventory:

Hand Weapons
 a - a +0 whip
 u - a +0 hand axe
 C - a +5 glaive of venom (weapon)
 P - a +2 trident of venom
Missiles
 h - 22 poisoned darts
 m - 5 boomerangs (quivered)
 o - 2 throwing nets
 q - 7 boomerangs of dispersal
Armour
 H - a +0 cloak (worn)
 K - a +0 pair of boots (worn)
Jewellery
 c - a +4 ring of evasion (right hand)
 p - a +6 ring of evasion (left hand)
 v - an uncursed ring of protection from fire
 J - a +4 amulet of reflection (around neck)
Wands
 M - a wand of polymorph (8)
 O - a wand of clouds (5)
Scrolls
 f - 4 scrolls of fog
 i - 2 scrolls of teleportation
 n - 3 scrolls of enchant weapon {unknown}
 r - a scroll of immolation {unknown}
 w - a scroll of enchant armour {unknown}
 y - 3 scrolls of identify
 A - 2 scrolls of fear {unknown}
 E - a scroll of summoning {unknown}
 F - a scroll of blinking {unknown}
 I - 2 scrolls of random uselessness {unknown}
 L - 5 scrolls of remove curse
 N - a scroll of amnesia {unknown}
Potions
 d - 2 potions of cancellation
 e - 2 potions of haste
 j - 2 potions of ambrosia
 k - 2 potions of flight
 l - a potion of degeneration
 s - 5 potions of curing
 t - a potion of resistance
 x - a potion of berserk rage {unknown}
 z - a potion of heal wounds {unknown}
 B - 2 potions of lignification
Books
 G - a manual of Summonings
Comestibles
 b - 30 rations


   Skills:
 + Level 7.7(12.7) Fighting
 - Level 4.0(9.0) Polearms
 + Level 3.7(8.7) Throwing
 + Level 8.4(13.4) Dodging
 - Level 2.4(7.4) Stealth
 * Level 6.5 Spellcasting
 * Level 8.0 Conjurations
 - Level 6.0 Hexes
 * Level 4.5 Translocations
 * Level 3.7 Invocations


You had 12 spell levels left.
You knew the following spells:

 Your Spells              Type           Power        Failure   Level  Hunger
a - Magic Dart            Conj           ####         1%          1    None
b - Searing Ray           Conj           ####..       1%          2    #......
c - Fulminant Prism       Conj/Hex       ####......   8%          4    ####...
d - Iskenderun's Mystic   Conj/Tloc      ###.....     11%         4    ####...

Your spell library contained the following spells:

 Spells                   Type           Power        Failure   Level  Hunger
 Dazzling Flash           Conj/Hex       ####..       2%          3    ##.....


Dungeon Overview and Level Annotations

Branches:
Dungeon (12/15)            Temple (1/1) D:4            Lair (0/6) D:9
    Orc: D:9-12

Altars:
Ashenzari
Cheibriados
Dithmenos
Elyvilon
Fedhas
Gozag
Hepliaklqana
Kikubaaqudgha
Makhleb
Nemelex Xobeh
Okawaru
Qazlal
Ru
Sif Muna
Trog
Uskayaw
Vehumet
Wu Jian
Xom
Yredelemnul
Zin
The Shining One

Shops:
D:8 }   D:9 !   D:11 *

Annotations:
D:3 exclusion: downstairs
D:6 exclusion: 2 downstairs
D:10 exclusion: downstairs


Innate Abilities, Weirdness & Mutations

You can breathe blasts of scalding, opaque steam.
Your pale cyan-grey scales are hard. (AC +7)
You cannot fit into any form of body armour.
You are cold-blooded and may be slowed by cold attacks.
You can translocate small distances at will.
Your flesh is very cold resistant. (rC++)
You are dopey. (Int -2)


Message History

You chop one of the nine-headed hydra's heads off!
The eight-headed hydra grows two more!
You slash the ten-headed hydra!
The ten-headed hydra is almost dead.
The ten-headed hydra completely misses you.
You block the ten-headed hydra's attack.
The ten-headed hydra closely misses you.
The ten-headed hydra bites you!
* * * LOW HITPOINT WARNING * * *
You block the ten-headed hydra's attack.
The ten-headed hydra bites you!
* * * LOW HITPOINT WARNING * * *
The ten-headed hydra completely misses you.
The ten-headed hydra misses you.
The ten-headed hydra closely misses you. x2
You block the ten-headed hydra's attack.
The ten-headed hydra misses you. x2
The ten-headed hydra completely misses you.
The ten-headed hydra bites you but does no damage.
The ten-headed hydra bites you!
You die...

### ..# #.#
#.#### ####....#
..#.##...<..##.#
#......@D........
...............##
.......#########
......# ..>...
...... .....
.....


You could see a ten-headed hydra.

Vanquished Creatures
  Harold (D:8)
  A hydra (D:11)
  A centaur warrior (D:9)
  2 unseen horrors
  Pikel (D:6)
  A troll (D:8)
  A queen bee (D:9)
  2 hippogriffs
  2 wyverns (D:10)
  A human (D:7)
  4 hogs (D:7)
  A water moccasin (D:10)
  Duvessa (D:4)
  2 ice beasts
  2 slaves (D:6)
  2 eyes of draining (D:10)
  2 black bears
  6 sky beasts
  A necrophage (D:8)
  2 phantoms
  4 ogres
  9 centaurs
  Blork the orc (D:6)
  4 bullfrogs
  A gnoll sergeant (D:10)
  Dowan (D:4)
  A wyvern skeleton (D:8)
  2 scorpions
  2 jellies (D:5)
  29 killer bees
  5 wights (D:10)
  A bullfrog zombie (D:9)
  2 centaur zombies
  5 crimson imps
  A quasit (D:11)
  7 orc priests
  6 hounds
  Crazy Yiuf (D:7)
  2 centaur skeletons (D:7)
  6 orc wizards
  Jessica (D:2)
  3 iguanas
  Natasha (thrice) (D:4)
  5 worker ants
  3 worker ant zombies
  A howler monkey zombie (D:6)
  12 gnolls
  7 adders
  A shadow imp (D:5)
  3 adder skeletons
  2 worms
  4 dart slugs
  6 leopard geckos
  20 orcs
  3 ball pythons
  6 bats
  7 giant cockroaches
  7 goblins
  8 hobgoblins
  4 jackals (D:8)
  9 kobolds
  6 quokkas
  3 frilled lizards
  2 jackal skeletons
  A jackal zombie (D:5)
  2 leopard gecko zombies
  8 rats
  3 rat zombies (D:2)
266 creatures vanquished.

Vanquished Creatures (others)
  A bullfrog skeleton (D:6)
  12 fulminant prisms
13 creatures vanquished.

Grand Total: 279 creatures vanquished

Notes
Turn   | Place    | Note
-------+----------+-------------------------------------------
     0 | D:1      | kazzah the Draconian Conjurer began the quest for the Orb.
     0 | D:1      | Reached XP level 1. HP: 14/14 MP: 3/3
   218 | D:1      | Reached XP level 2. HP: 20/20 MP: 5/5
   736 | D:1      | Learned a level 2 spell: Searing Ray
   821 | D:1      | Reached XP level 3. HP: 25/26 MP: 6/6
  1223 | D:2      | Noticed Jessica
  1233 | D:2      | Killed Jessica
  1233 | D:2      | Reached skill level 5 in Conjurations
  1652 | D:2      | Reached XP level 4. HP: 34/34 MP: 0/7
  1975 | D:2      | Found an ancient bone altar of Kikubaaqudgha.
  2104 | D:2      | Found a hide-covered altar of Uskayaw.
  2110 | D:2      | Learned a level 4 spell: Fulminant Prism
  2223 | D:2      | Reached skill level 1 in Fighting
  2425 | D:2      | Found a shattered altar of Ashenzari.
  2977 | D:3      | Reached XP level 5. HP: 37/40 MP: 2/9
  3642 | D:3      | Found a bloodstained altar of Trog.
  3642 | D:3      | Found an opulent altar of Gozag.
  3884 | D:4      | Reached skill level 1 in Throwing
  3884 | D:4      | Reached XP level 6. HP: 35/48 MP: 0/10
  4256 | D:4      | Found a hazy altar of Hepliaklqana.
  4263 | D:4      | Found a staircase to the Ecumenical Temple.
  4366 | Temple   | Entered the Ecumenical Temple
  4448 | Temple   | Became a worshipper of Warmaster Okawaru
  4568 | D:4      | Noticed Natasha
  4577 | D:4      | Killed Natasha
  4653 | D:4      | Noticed Natasha
  4658 | D:4      | Killed Natasha
  4681 | D:4      | Noticed Duvessa
  4704 | D:4      | Noticed Dowan
  4894 | D:4      | Reached skill level 1 in Hexes
  5195 | D:4      | Noticed Natasha
  5200 | D:4      | Killed Natasha
  5290 | D:4      | Your scales start taking on a pale cyan-grey colour.
  5290 | D:4      | Reached XP level 7. HP: 34/55 MP: 5/12
  5840 | D:4      | Found a radiant altar of Vehumet.
  5841 | D:4      | Found a burning altar of Makhleb.
  6288 | D:4      | Killed Duvessa
  6300 | D:4      | Killed Dowan
  6536 | D:5      | Entered Level 5 of the Dungeon
  6536 | D:5      | Found a basalt altar of Yredelemnul.
  7129 | D:5      | Reached * piety under Okawaru
  7325 | D:5      | Reached skill level 1 in Invocations
  7325 | D:5      | Reached XP level 8. HP: 62/63 MP: 4/13
  7413 | D:5      | Found a white marble altar of Elyvilon.
  7471 | D:5      | Found a sparkling altar of Nemelex Xobeh.
  8091 | D:6      | Noticed Blork the orc
  8098 | D:6      | Killed Blork the orc
  8515 | D:6      | Found an ancient bone altar of Kikubaaqudgha.
  8522 | D:6      | Noticed Pikel
  8531 | D:6      | Reached ** piety under Okawaru
  8538 | D:6      | Killed Pikel
  8538 | D:6      | Reached skill level 5 in Dodging
  8540 | D:6      | Reached XP level 9. HP: 37/71 MP: 3/15
  9412 | D:6      | Gained mutation: You are frail. (-10% HP) [potion of
                  | mutation]
  9412 | D:6      | Gained mutation: You do not regenerate when monsters are
                  | visible. [potion of mutation]
  9412 | D:6      | Gained mutation: You have a pair of small antennae on your
                  | head. [potion of mutation]
  9413 | D:6      | Lost mutation: You do not regenerate when monsters are
                  | visible. [potion of mutation]
  9413 | D:6      | Lost mutation: You have a pair of small antennae on your
                  | head. [potion of mutation]
  9413 | D:6      | Gained mutation: You expend magic power (3 MP) to
                  | strengthen your wands. [potion of mutation]
  9413 | D:6      | Gained mutation: You have sharp toenails. [potion of
                  | mutation]
  9413 | D:6      | Gained mutation: Your muscles are strong. (Str +2) [potion
                  | of mutation]
  9414 | D:6      | Lost mutation: Your muscles are strong. (Str +2) [potion of
                  | mutation]
  9414 | D:6      | Lost mutation: You expend magic power (3 MP) to strengthen
                  | your wands. [potion of mutation]
  9414 | D:6      | Gained mutation: You are resistant to hostile enchantments.
                  | (MR+) [potion of mutation]
  9414 | D:6      | Gained mutation: Your flesh is heat resistant. (rF+)
                  | [potion of mutation]
  9414 | D:6      | Gained mutation: You are dopey. (Int -2) [potion of
                  | mutation]
  9414 | D:6      | Gained mutation: Your flesh is cold resistant. (rC+)
                  | [potion of mutation]
  9415 | D:6      | Lost mutation: You have sharp toenails. [potion of
                  | mutation]
  9415 | D:6      | Lost mutation: You are resistant to hostile enchantments.
                  | (MR+) [potion of mutation]
  9415 | D:6      | Lost mutation: Your flesh is heat resistant. (rF+) [potion
                  | of mutation]
  9415 | D:6      | Lost mutation: You are frail. (-10% HP) [potion of
                  | mutation]
  9415 | D:6      | Gained mutation: You are weak. (Str -2) [potion of
                  | mutation]
  9415 | D:6      | Gained mutation: Your flesh is very cold resistant. (rC++)
                  | [potion of mutation]
  9415 | D:6      | Gained mutation: You can translocate small distances at
                  | will. [potion of mutation]
  9415 | D:6      | Lost mutation: You are weak. (Str -2) [potion of mutation]
 10076 | D:7      | Found a bloodstained altar of Trog.
 10180 | D:7      | Killed an unseen horror
 10180 | D:7      | Reached *** piety under Okawaru
 10180 | D:7      | Reached skill level 5 in Spellcasting
 10469 | D:7      | Found a runed translucent door.
 10470 | D:7      | Noticed Crazy Yiuf
 10514 | D:7      | Reached skill level 5 in Fighting
 10517 | D:7      | Reached skill level 5 in Hexes
 10927 | D:7      | Killed Crazy Yiuf
 11015 | D:7      | Learned a level 4 spell: Iskenderun's Mystic Blast
 11051 | D:8      | Reached XP level 10. HP: 83/83 MP: 14/17
 11088 | D:8      | Found Tuilen's Gadget Boutique.
 11226 | D:8      | Reached **** piety under Okawaru
 11226 | D:8      | Reached skill level 1 in Translocations
 11675 | D:8      | Noticed Harold
 11689 | D:8      | Killed Harold
 11714 | D:8      | Received a gift from Okawaru
 12141 | D:9      | Reached skill level 1 in Polearms
 12154 | D:9      | Reached ***** piety under Okawaru
 12278 | D:9      | Found a staircase to the Lair.
 12376 | D:9      | Found a glowing golden altar of the Shining One.
 12413 | D:9      | Found a sacrificial altar of Ru.
 12437 | D:9      | Noticed a centaur warrior
 12457 | D:9      | Killed a centaur warrior
 12457 | D:9      | Reached XP level 11. HP: 61/92 MP: 17/19
 12700 | D:9      | Found Vomy's Distillery.
 12774 | D:10     | Entered Level 10 of the Dungeon
 13023 | D:10     | Killed an unseen horror
 13528 | D:11     | Found Muzeom's Assorted Antiques.
 13607 | D:11     | Received a gift from Okawaru
 13639 | D:11     | Noticed an eight-headed hydra
 13810 | D:11     | Killed an eight-headed hydra
 14448 | D:12     | Noticed a seven-headed hydra
 14470 | D:12     | HP: 3/93 [ten-headed hydra (10)]
 14470 | D:12     | Slain by a ten-headed hydra

Levels and vault maps discovered:
D:1:      mainiacjoe_arrival_reflecting_pool, layout_loops_ring,
          nrook_mini_vaults
D:2:      layout_rooms, eat_drink_and_be_merry_uskayaw,
          lemuel_zombie_altar_kikubaaqudgha, overflow_temple_1_default,
          minmay_misc_feat_hallway, kennysheep_generic_room_14, uniq_jessica
D:3:      minmay_spotlight, layout_loops_ring,
          gammafunk_temple_overflow_elements, minmay_misc_feat_secret_circle
D:4:      layout_basic, grunt_temple_overflow_lords_of_destruction,
          lemuel_crystal_altar, minmay_temple_entry_grid, uniq_duvessa,
          uniq_natasha
D:5:      layout_rooms, elyvilon_altar_4, nemelex_altar_shiori, first_ration,
          serial_co_window_serial, co_window_corner_a, co_window_corner_a,
          co_window_paths_a, co_window_corner_a, co_window_corner_a,
          co_window_paths_a, co_window_corner_a, co_window_unsneaky_path_c,
          co_window_corner_cb, co_window_unsneaky_path_c, co_window_paths_e,
          co_window_4corner_b, glass_columns_c, glass_columns_b,
          yredelemnul_altar_generic
D:6:      layout_loops_ring, basic_altar, chequers_serial_rivers_small_b,
          minmay_manual_mares, uniq_blork_the_orc, uniq_pikel
D:7:      layout_rooms, grunt_livestock, trog_three_pillars_becter,
          uniq_crazy_yiuf_cottage
D:8:      layout_loops_ring, serial_shops, shop_statue, uniq_harold
D:9:      layout_roguey [special_room_bee], lemuel_round_altar, tso_altar,
          lair_entry_dummy, serial_shops, shop_statue
D:10:     layout_roguey
D:11:     layout_irregular_city, serial_shops, shop
D:12:     minmay_eight_partial_circles, layout_basic, david_orc_4,
          ebering_ghost_inner_flame
Temple:   eino_temple_lava

Skill      XL: |  1  2  3  4  5  6  7  8  9 10 11 |
---------------+----------------------------------+-----
Dodging        | 2 3 4 5 7 8 |  8.4
Stealth        | 2 |  2.4
Conjurations   | 5 6 7 8 |  8.0
Fighting       | 1 2 3 5 7 |  7.7
Spellcasting   | 3 4 5 6 |  6.5
Throwing       | 1 2 3 |  3.7
Hexes          | 1 2 3 5 6 |  6.0
Invocations    | 1 3 |  3.7
Translocations | 3 4 |  4.5
Polearms       | 3 4 |  4.0

Action                   |  1- 3 |  4- 6 |  7- 9 | 10-12 || total
-------------------------+-------+-------+-------+-------++-------
Melee: Whip              |    70 |   109 |       |       ||   179
       Tailslap          |     4 |     9 |    26 |    38 ||    77
       Hand axe          |       |    62 |   128 |       ||   190
       Glaive            |       |       |   117 |   309 ||   426
Throw: Dart              |     8 |    25 |    12 |     1 ||    46
       Boomerang         |       |       |       |     4 ||     4
 Cast: Magic Dart        |    32 |    88 |    57 |       ||   177
       Searing Ray       |       |     4 |    12 |       ||    16
       Fulminant Prism   |       |       |     3 |     9 ||    12
       Iskenderun's Myst |       |       |       |    11 ||    11
Invok: Heroism           |       |       |     3 |     7 ||    10
 Abil: Breathe Steam     |       |       |     3 |     5 ||     8
Evoke: Wand              |       |       |       |     1 ||     1
  Use: Scroll            |       |     3 |     7 |     4 ||    14
       Potion            |       |       |     4 |     2 ||     6
 Stab: Sleeping          |       |       |     2 |     6 ||     8
       Distracted        |       |       |       |     2 ||     2
  Eat: Chunk             |     3 |    11 |    10 |    13 ||    37
       Ration            |       |       |     3 |     1 ||     4
Armor: Skin              |    11 |    42 |    48 |    61 ||   162
Dodge: Dodged            |    45 |   180 |   332 |   477 ||  1034
Block: Other             |       |       |       |    77 ||    77
       Reflection        |       |       |       |     2 ||     2

Table legend:
 A = Non-vault XP
 B = Vault XP
 C = Vault XP percentage of total XP
 D = Non-vault monster count
 E = Vault monster count
 F = Vault count percentage of total count
                 A         B        C        D         E       F
            +---------+---------+-------+---------+---------+-------
      Total |   11716 |    5172 |  30.6 |     216 |      49 |  18.5
            +---------+---------+-------+---------+---------+-------
        D:1 |      47 |       0 |   0.0 |      23 |       0 |   0.0
        D:2 |      80 |      41 |  33.9 |      17 |       5 |  22.7
        D:3 |     122 |      21 |  14.7 |      21 |       4 |  16.0
        D:4 |     432 |     258 |  37.4 |      24 |       3 |  11.1
        D:5 |     671 |       0 |   0.0 |      21 |       0 |   0.0
        D:6 |     230 |     935 |  80.3 |       9 |       4 |  30.8
        D:7 |    1595 |    1024 |  39.1 |      16 |       6 |  27.3
        D:8 |    1660 |    1013 |  37.9 |      21 |       1 |   4.5
        D:9 |    2036 |    1880 |  48.0 |      27 |      26 |  49.1
       D:10 |    2456 |       0 |   0.0 |      20 |       0 |   0.0
       D:11 |    2341 |       0 |   0.0 |      16 |       0 |   0.0
       D:12 |      46 |       0 |   0.0 |       1 |       0 |   0.0
            +---------+---------+-------+---------+---------+-------
